Canucks vs Kings
Created - April 12, 2022 at 19:24
Goals
|
Canucks |
1 |
1 |
0 |
2 |
Kings |
2 |
1 |
1 |
4 |
|
Shots
|
Canucks |
7 |
4 |
13 |
24 |
Kings |
11 |
6 |
12 |
29 |
|
1st period
1. Kings , Jake Guentzel 15 (David Pastrnak 33, Anze Kopitar 36) at 5:42
2. Kings , Joe Thornton 12 (Patrick Kane 21, Nathan MacKinnon 28) at 6:23
3. Canucks , Nick Palmieri 18 (Robert Nilsson 42) at 8:29
Penalties :
Anze Kopitar (L.A) for Roughing (Minor) at 11:38, Andreas Martinsen (L.A) for Tripping (Minor) at 17:12
2nd period
4. Canucks , Maxim Talbot 13 (Jason Akeson 18, Paul Stastny 21) at 8:46
5. Kings , Joe Thornton 13 (Patrick Kane 22, Seth Jones 33) at 13:55
Penalties :
Nathan MacKinnon (L.A) for Tripping (Minor) at 1:13, Nathan MacKinnon (L.A) for Hooking (Minor) at 9:58, Joe Thornton (L.A) for Hooking (Minor) at 16:08
3rd period
6. Kings , Anze Kopitar 16 (Marcus Johansson 17, Brady Skjei 29) at 9:11 (PP)
Penalties :
Peter Prucha (Van) for Goalie Interference (Minor) at 8:33, Wayne Simmonds (Van) for Hooking (Minor) at 12:07
Goalie Stats
Jonathan Quick (Van), 25 saves from 29 shots - (0.862), L, 19-21-4, 60:00 minutes
Cam Talbot (L.A), 22 saves from 24 shots - (0.917), W, 4-4-3, 60:00 minutes
Players Stats for Canucks
Player Name G A P +/- PIM S H SB GA TA FO MP PP MP PK MP
------------------------------------------------------------------------------------
Alex Goligoski 0 0 0 -1 0 2 1 2 1 0 0/0 26:30 6:00 1:53
Cody Eakin 0 0 0 0 0 0 0 0 0 1 0/1 8:12 0:14 0:00
Derick Brassard 0 0 0 -1 0 1 2 0 0 0 8/14 17:25 4:40 1:36
Drew Doughty 0 0 0 -1 0 3 0 2 1 1 0/0 26:30 6:00 1:53
Fabian Brunnstrom 0 0 0 0 0 0 0 0 0 0 0/0 9:23 0:14 0:33
Jamie Benn 0 0 0 -1 0 1 2 1 0 0 0/0 15:49 4:40 0:00
Jason Akeson 0 1 1 1 0 1 0 0 0 0 0/1 13:33 0:51 0:33
Maxim Talbot 1 0 1 1 0 2 1 0 0 0 1/5 12:35 0:41 0:00
Michael Kostka 0 0 0 -1 0 0 1 1 0 0 0/0 13:53 0:37 0:00
Mike Lundin 0 0 0 1 0 0 0 0 1 0 0/0 19:37 3:18 0:44
Nick Palmieri 1 0 1 -1 0 4 1 0 1 0 0/1 20:52 4:20 0:28
Paul Stastny 0 1 1 1 0 1 3 1 0 2 0/2 13:13 0:45 0:00
Peter Prucha 0 0 0 0 2 0 0 0 0 0 0/0 7:49 0:04 0:00
Robert Nilsson 0 1 1 -1 0 1 2 0 0 0 10/23 21:47 4:20 1:36
Sam Gagner 0 0 0 -1 0 5 3 1 1 1 0/0 20:57 4:20 0:28
Tomas Kundratek 0 0 0 -1 0 1 0 2 0 1 0/0 13:53 0:37 0:00
Tyler Myers 0 0 0 1 0 0 0 1 0 1 0/0 19:37 3:18 0:44
Wayne Simmonds 0 0 0 -1 2 2 3 0 0 0 1/1 15:46 4:36 0:00
Players Stats for Kings
Player Name G A P +/- PIM S H SB GA TA FO MP PP MP PK MP
------------------------------------------------------------------------------------
Aaron Ekblad 0 0 0 1 0 0 1 1 0 0 0/0 23:22 1:03 3:30
Andreas Martinsen 0 0 0 -1 2 2 3 0 0 0 0/0 9:10 0:00 1:00
Andrej Sekera 0 0 0 -1 0 0 1 1 0 2 0/0 15:18 0:00 5:44
Anze Kopitar 1 1 2 0 2 2 2 0 0 1 10/13 19:58 1:12 4:17
Brady Skjei 0 1 1 1 0 0 1 1 2 0 0/0 24:50 1:34 4:11
Byron Bitz 0 0 0 -1 0 1 2 1 0 0 0/0 7:16 0:00 0:00
David Pastrnak 0 1 1 0 0 0 0 0 0 0 1/1 15:16 1:25 0:00
Garnet Hathaway 0 0 0 0 0 0 2 0 0 0 0/1 14:29 0:00 3:06
Jake Guentzel 1 0 1 0 0 4 2 0 0 0 0/2 15:34 1:25 0:17
Jared Cowen 0 0 0 1 0 1 1 0 1 0 0/0 23:12 0:00 5:24
Joe Thornton 2 0 2 2 2 4 0 0 0 0 1/1 14:24 0:00 0:00
Logan Couture 0 0 0 0 0 3 2 0 2 0 4/7 16:40 0:00 3:38
Marcus Johansson 0 1 1 0 0 0 0 0 0 0 0/0 11:49 1:12 0:00
Nathan MacKinnon 0 1 1 2 4 4 3 0 1 0 10/21 16:34 1:25 0:16
Patrick Kane 0 2 2 2 0 5 3 2 0 1 1/1 17:55 1:12 2:08
Pavel Datsyuk 0 0 0 -1 0 0 0 0 1 0 1/1 10:55 0:00 5:08
Seth Jones 0 1 1 1 0 3 1 0 0 1 0/0 19:12 1:34 0:00
Will Butcher 0 0 0 -1 0 0 0 0 0 0 0/0 14:06 1:03 1:01
3 Stars
1 - Joe Thornton (L.A)
2 - Patrick Kane (L.A)
3 - Anze Kopitar (L.A)
Power Play
Canucks - 0 on 5 Attempt(s) - 0.00%
Kings - 1 on 2 Attempt(s) - 50.00%
Penalty Kill
Canucks - 1 on 2 Attempt(s) - 50.00%
- Score 0 goal in Penalty Kill
Kings - 5 on 5 Attempt(s) - 100.00%
- Score 0 goal in Penalty Kill
Team Stat
Canucks - Hits : 19 - Faceoff Wins : 20 - Blocked Shots : 11 - Penalty Minutes : 4
Kings - Hits : 24 - Faceoff Wins : 28 - Blocked Shots : 6 - Penalty Minutes : 10
Official
Referees : Garrett Rank and Jon McIsaac
Linesman : Greg Devorski and Mark Shewchyk
Game Notes
6:34 of 3rd period - Canucks goal is going for a video replay. After video review, No Goal. The net was displaced accidentally.
Finance
Level 1 -- Attendance: 5624 (93.73%) -- Ticket Income $562,400
Level 2 -- Attendance: 5000 (100.00%) -- Ticket Income $300,000
Level 3 -- Attendance: 2000 (100.00%) -- Ticket Income $70,000
Level 4 -- Attendance: 3976 (99.40%) -- Ticket Income $99,400
Luxury Box -- Attendance: 1000 (100.00%) -- Ticket Income $200,000
Game was played at the Staples Center.
Total Attendance: 17600 (97.78%)
Total Ticket Income: $1,231,800
Other Income: $184,770
Total Income: $1,416,570
Canucks
5 vs 5 Forward
Center Left Wing Right Wing Time % Phy DF OF
1 Robert Nilsson Sam Gagner Nick Palmieri 40 1 2 2
2 Derick Brassard Jamie Benn Wayne Simmonds 30 1 2 2
3 Maxim Talbot Paul Stastny Jason Akeson 20 1 2 2
4 Cody Eakin Fabian Brunnstrom Peter Prucha 10 1 2 2
5 vs 5 Defense
Defense Defense Time % Phy DF OF
1 Drew Doughty Alex Goligoski 40 1 2 2
2 Tyler Myers Mike Lundin 30 1 2 2
3 Michael Kostka Tomas Kundratek 20 1 2 2
4 Drew Doughty Alex Goligoski 10 1 2 2
PowerPlay Forward
Center Left Wing Right Wing Time % Phy DF OF
1 Robert Nilsson Sam Gagner Nick Palmieri 60 1 2 2
2 Derick Brassard Jamie Benn Wayne Simmonds 40 1 2 2
PowerPlay Defense
Defense Defense Time % Phy DF OF
1 Drew Doughty Alex Goligoski 60 1 2 2
2 Tyler Myers Mike Lundin 40 1 2 2
Penalty Kill 4 Players Forward
Center Wing Time % Phy DF OF
1 Robert Nilsson Derick Brassard 60 1 2 2
2 Nick Palmieri Sam Gagner 40 1 2 2
Penalty Kill 4 Players Defense
Defense Defense Time % Phy DF OF
1 Drew Doughty Alex Goligoski 60 1 2 2
2 Tyler Myers Mike Lundin 40 1 2 2
Penalty Kill - 3 Players Forward
Forward Time % Phy DF OF
1 Robert Nilsson 60 1 2 2
2 Derick Brassard 40 1 2 2
Penalty Kill - 3 Players Defense
Defense Defense Time % Phy DF OF
1 Drew Doughty Alex Goligoski 60 1 2 2
2 Tyler Myers Mike Lundin 40 1 2 2
4 vs 4 Forward
Center Wing Time % Phy DF OF
1 Robert Nilsson Derick Brassard 60 1 2 2
2 Nick Palmieri Sam Gagner 40 1 2 2
4 vs 4 Defense
Defense Defense Time % Phy DF OF
1 Drew Doughty Alex Goligoski 60 1 2 2
2 Tyler Myers Mike Lundin 40 1 2 2
Last Minutes Offensive
Center Left Wing Right Wing Defense Defense
Robert Nilsson Sam Gagner Nick Palmieri Drew Doughty Alex Goligoski
Last Minutes Defensive
Center Left Wing Right Wing Defense Defense
Robert Nilsson Sam Gagner Nick Palmieri Drew Doughty Alex Goligoski
Goaltenders
Starting : Jonathan Quick
Backup : Pekka Rinne
Extra Forwards
Normal : Paul Stastny, Maxim Talbot, Jason Akeson - PP : Paul Stastny, Maxim Talbot - PK : Jason Akeson
Extra Defensemen
Normal : Michael Kostka, Tomas Kundratek, Tyler Myers - PP : Michael Kostka - PK : Tomas Kundratek, Tyler Myers
Penalty Shots
Robert Nilsson, Derick Brassard, Nick Palmieri, Sam Gagner, Jamie Benn
Scratches
Alexander Steen (Healthy)
Kings
5 vs 5 Forward
Center Left Wing Right Wing Time % Phy DF OF
1 Nathan MacKinnon Joe Thornton Patrick Kane 35 1 2 2
2 Anze Kopitar Jake Guentzel David Pastrnak 35 1 2 2
3 Logan Couture Marcus Johansson Garnet Hathaway 25 1 2 2
4 Pavel Datsyuk Andreas Martinsen Byron Bitz 5 1 2 2
5 vs 5 Defense
Defense Defense Time % Phy DF OF
1 Brady Skjei Jared Cowen 40 1 2 2
2 Seth Jones Aaron Ekblad 40 1 2 2
3 Andrej Sekera Will Butcher 10 1 2 2
4 Brady Skjei Will Butcher 10 1 2 2
PowerPlay Forward
Center Left Wing Right Wing Time % Phy DF OF
1 Nathan MacKinnon Jake Guentzel David Pastrnak 60 1 2 2
2 Anze Kopitar Marcus Johansson Patrick Kane 40 1 2 2
PowerPlay Defense
Defense Defense Time % Phy DF OF
1 Seth Jones Brady Skjei 60 1 2 2
2 Aaron Ekblad Will Butcher 40 1 2 2
Penalty Kill 4 Players Forward
Center Wing Time % Phy DF OF
1 Anze Kopitar Pavel Datsyuk 60 0 4 1
2 Logan Couture Garnet Hathaway 40 0 4 1
Penalty Kill 4 Players Defense
Defense Defense Time % Phy DF OF
1 Jared Cowen Andrej Sekera 60 1 4 0
2 Aaron Ekblad Brady Skjei 40 1 4 0
Penalty Kill - 3 Players Forward
Forward Time % Phy DF OF
1 Anze Kopitar 60 1 4 0
2 Logan Couture 40 1 4 0
Penalty Kill - 3 Players Defense
Defense Defense Time % Phy DF OF
1 Aaron Ekblad Jared Cowen 60 2 3 0
2 Seth Jones Brady Skjei 40 2 3 0
4 vs 4 Forward
Center Wing Time % Phy DF OF
1 Patrick Kane David Pastrnak 60 1 2 2
2 Nathan MacKinnon Jake Guentzel 40 1 2 2
4 vs 4 Defense
Defense Defense Time % Phy DF OF
1 Jared Cowen Seth Jones 60 1 2 2
2 Brady Skjei Aaron Ekblad 40 1 2 2
Last Minutes Offensive
Center Left Wing Right Wing Defense Defense
Anze Kopitar Patrick Kane David Pastrnak Brady Skjei Seth Jones
Last Minutes Defensive
Center Left Wing Right Wing Defense Defense
Anze Kopitar Logan Couture Patrick Kane Jared Cowen Seth Jones
Goaltenders
Starting : Cam Talbot
Backup : Andrei Vasilevskiy
Extra Forwards
Normal : Anze Kopitar, Nathan MacKinnon, Patrick Kane - PP : Joe Thornton, Logan Couture - PK : Patrick Kane
Extra Defensemen
Normal : Will Butcher, Aaron Ekblad, Jared Cowen - PP : Jared Cowen - PK : Aaron Ekblad, Will Butcher
Penalty Shots
Patrick Kane, David Pastrnak, Anze Kopitar, Logan Couture, Jake Guentzel
Scratches
Dan Hamhuis (Healthy), Mikko Rantanen (Abdominal Strain Injury), Nate Prosser (Healthy), Nathan Gerbe (Healthy)
% Time on Ice - Canucks
Lines # - Real PCT - Wanted PCT - Time Play
Normal Forward
1 - 38% - 40% - 18:07
2 - 24% - 30% - 11:27
3 - 22% - 20% - 10:28
4 - 16% - 10% - 7:26
Normal Defense
1 - 38% - 40% - 17:54
2 - 33% - 30% - 15:35
3 - 27% - 20% - 13:01
4 - 2% - 10% - 0:58
PP Forward
1 - 45% - 60% - 4:29
2 - 55% - 40% - 5:26
PP Defense
1 - 67% - 60% - 6:37
2 - 33% - 40% - 3:18
PK Forward
1 - 82% - 60% - 2:09
2 - 18% - 40% - 0:28
PK Defense
1 - 72% - 60% - 1:53
2 - 28% - 40% - 0:44
PK3 Forward
1 - 0% - 60%
2 - 0% - 40%
PK3 Defense
1 - 0% - 60%
2 - 0% - 40%
44 Forward
1 - 0% - 60%
2 - 0% - 40%
44 Defense
1 - 0% - 60%
2 - 0% - 40%
Last Minute Offensive - 0:00
Last Minute Defensive - 0:00
Total
Forward - 60:00
Defense - 60:00
|
% Time on Ice - Kings
Lines # - Real PCT - Wanted PCT - Time Play
Normal Forward
1 - 32% - 35% - 15:22
2 - 34% - 35% - 16:07
3 - 22% - 25% - 10:35
4 - 11% - 5% - 5:24
Normal Defense
1 - 38% - 40% - 17:52
2 - 37% - 40% - 17:47
3 - 20% - 10% - 9:23
4 - 5% - 10% - 2:26
PP Forward
1 - 54% - 60% - 1:25
2 - 46% - 40% - 1:12
PP Defense
1 - 60% - 60% - 1:34
2 - 40% - 40% - 1:03
PK Forward
1 - 69% - 60% - 6:49
2 - 31% - 40% - 3:06
PK Defense
1 - 58% - 60% - 5:44
2 - 42% - 40% - 4:11
PK3 Forward
1 - 0% - 60%
2 - 0% - 40%
PK3 Defense
1 - 0% - 60%
2 - 0% - 40%
44 Forward
1 - 0% - 60%
2 - 0% - 40%
44 Defense
1 - 0% - 60%
2 - 0% - 40%
Last Minute Offensive - 0:00
Last Minute Defensive - 0:00
Total
Forward - 60:00
Defense - 60:00
|
Play-by-Play
1st period
0:01 of 1st period - Robert Nilsson wins face-off versus Nathan MacKinnon in neutral zone.
0:04 of 1st period - Snap shot by Sam Gagner.
0:04 of 1st period - Shot Blocked by Patrick Kane.
0:06 of 1st period - Snap shot by Drew Doughty.
0:06 of 1st period - Shot Blocked by Brady Skjei.
0:10 of 1st period - Snap shot by Sam Gagner.
0:10 of 1st period - Stopped by Cam Talbot with a rebound.
0:32 of 1st period - Derick Brassard is hit by Jared Cowen and loses puck.
1:38 of 1st period - Wrist shot by Jake Guentzel.
1:38 of 1st period - Stopped by Jonathan Quick with a rebound.
1:48 of 1st period - Joe Thornton is hit by Wayne Simmonds and loses puck.
2:33 of 1st period - Slapshot by Logan Couture.
2:33 of 1st period - Shot Misses the Net.
3:03 of 1st period - Off-side.
3:04 of 1st period - Logan Couture wins face-off versus Derick Brassard in neutral zone.
3:19 of 1st period - Jared Cowen is hit by Alex Goligoski and loses puck.
3:32 of 1st period - Wrist shot by Jake Guentzel.
3:32 of 1st period - Stopped by Jonathan Quick without a rebound.
3:33 of 1st period - Anze Kopitar wins face-off versus Robert Nilsson in Canucks zone.
3:36 of 1st period - Wrist shot by David Pastrnak.
3:36 of 1st period - Deflect By Jake Guentzel.
3:36 of 1st period - Shot Blocked by Sam Gagner.
3:36 of 1st period - Puck is out of play.
3:37 of 1st period - Anze Kopitar wins face-off versus Robert Nilsson in Canucks zone.
3:42 of 1st period - Icing by Tyler Myers.
3:43 of 1st period - Nathan MacKinnon wins face-off versus Robert Nilsson in Canucks zone.
5:02 of 1st period - Snap shot by Nathan MacKinnon.
5:02 of 1st period - Stopped by Jonathan Quick with a rebound.
5:04 of 1st period - Snap shot by Joe Thornton.
5:04 of 1st period - Shot Misses the Net.
5:24 of 1st period - Snap shot by Nick Palmieri.
5:24 of 1st period - Deflect By Sam Gagner.
5:24 of 1st period - Stopped by Cam Talbot without a rebound.
5:25 of 1st period - Anze Kopitar wins face-off versus Robert Nilsson in Kings zone.
5:42 of 1st period - Wrist shot by Jake Guentzel.
5:42 of 1st period - Goal by Jake Guentzel - Canucks : 0 - Kings : 1.
5:43 of 1st period - Derick Brassard wins face-off versus Logan Couture in neutral zone.
5:46 of 1st period - Slapshot by Drew Doughty.
5:46 of 1st period - Stopped by Cam Talbot with a rebound.
6:00 of 1st period - Garnet Hathaway is hit by Wayne Simmonds and loses puck.
6:21 of 1st period - Snap shot by Patrick Kane.
6:21 of 1st period - Shot Misses the Net.
6:23 of 1st period - Slapshot by Patrick Kane.
6:23 of 1st period - Deflect By Joe Thornton.
6:23 of 1st period - Goal by Joe Thornton - Canucks : 0 - Kings : 2.
6:24 of 1st period - Anze Kopitar wins face-off versus Maxim Talbot in neutral zone.
6:27 of 1st period - Alex Goligoski is hit by Aaron Ekblad and loses puck.
7:23 of 1st period - Brady Skjei is hit by Robert Nilsson and loses puck.
7:42 of 1st period - Wrist shot by Garnet Hathaway.
7:42 of 1st period - Shot Misses the Net.
7:44 of 1st period - Snap shot by Marcus Johansson.
7:44 of 1st period - Shot Misses the Net.
7:46 of 1st period - Slapshot by Jared Cowen.
7:46 of 1st period - Shot Blocked by Michael Kostka.
7:56 of 1st period - Snap shot by Logan Couture.
7:56 of 1st period - Shot Blocked by Paul Stastny.
8:18 of 1st period - Wrist shot by Logan Couture.
8:18 of 1st period - Stopped by Jonathan Quick with a rebound.
8:20 of 1st period - Snap shot by Jared Cowen.
8:20 of 1st period - Stopped by Jonathan Quick without a rebound.
8:21 of 1st period - Robert Nilsson wins face-off versus Jake Guentzel in Canucks zone.
8:21 of 1st period - Robert Nilsson is hit by Anze Kopitar.
8:29 of 1st period - Wrist shot by Nick Palmieri.
8:29 of 1st period - Goal by Nick Palmieri - Canucks : 1 - Kings : 2.
8:30 of 1st period - David Pastrnak wins face-off versus Robert Nilsson in neutral zone.
8:35 of 1st period - Snap shot by Jake Guentzel.
8:35 of 1st period - Stopped by Jonathan Quick without a rebound.
8:36 of 1st period - Robert Nilsson wins face-off versus Anze Kopitar in Canucks zone.
8:58 of 1st period - Wrist shot by Nick Palmieri.
8:58 of 1st period - Stopped by Cam Talbot with a rebound.
9:12 of 1st period - Snap shot by Jake Guentzel.
9:12 of 1st period - Shot Misses the Net.
9:14 of 1st period - Wrist shot by Anze Kopitar.
9:14 of 1st period - Shot Misses the Net.
9:16 of 1st period - Snap shot by Anze Kopitar.
9:16 of 1st period - Stopped by Jonathan Quick with a rebound.
11:06 of 1st period - Robert Nilsson is hit by Jake Guentzel and loses puck.
11:21 of 1st period - Snap shot by David Pastrnak.
11:21 of 1st period - Shot Blocked by Tyler Myers.
11:38 of 1st period - Minor Penalty to Anze Kopitar for Roughing.
11:39 of 1st period - Derick Brassard wins face-off versus Garnet Hathaway in Kings zone.
11:39 of 1st period - Snap shot by Wayne Simmonds.
11:39 of 1st period - Shot Blocked by Andrej Sekera.
11:41 of 1st period - Snap shot by Wayne Simmonds.
11:41 of 1st period - Stopped by Cam Talbot with a rebound.
11:43 of 1st period - Wrist shot by Drew Doughty.
11:43 of 1st period - Deflect By Jamie Benn.
11:43 of 1st period - Shot Misses the Net.
11:43 of 1st period - Puck is out of play.
11:44 of 1st period - Derick Brassard wins face-off versus Logan Couture in Kings zone.
11:45 of 1st period - Backhand shot by Drew Doughty.
11:45 of 1st period - Shot Hit the Post.
11:47 of 1st period - Slapshot by Jamie Benn.
11:47 of 1st period - Shot Misses the Net.
11:49 of 1st period - Snap shot by Wayne Simmonds.
11:49 of 1st period - Stopped by Cam Talbot without a rebound.
11:50 of 1st period - Logan Couture wins face-off versus Derick Brassard in Kings zone.
13:38 of 1st period - Penalty to Anze Kopitar is over, Anze Kopitar is back on ice.
13:43 of 1st period - Icing by Andrej Sekera.
13:44 of 1st period - Nathan MacKinnon wins face-off versus Paul Stastny in Kings zone.
13:51 of 1st period - Pavel Datsyuk is hit by Michael Kostka and loses puck.
14:12 of 1st period - Off-side.
14:13 of 1st period - Nathan MacKinnon wins face-off versus Maxim Talbot in neutral zone.
15:30 of 1st period - Icing by Brady Skjei.
15:31 of 1st period - Logan Couture wins face-off versus Derick Brassard in Kings zone.
15:42 of 1st period - Wrist shot by Nathan MacKinnon.
15:42 of 1st period - Stopped by Jonathan Quick without a rebound.
15:43 of 1st period - Derick Brassard wins face-off versus Nathan MacKinnon in Canucks zone.
16:00 of 1st period - Wrist shot by Derick Brassard.
16:00 of 1st period - Shot Blocked by Patrick Kane.
16:22 of 1st period - Wrist shot by Logan Couture.
16:22 of 1st period - Stopped by Jonathan Quick with a rebound.
17:12 of 1st period - Minor Penalty to Andreas Martinsen for Tripping.
17:13 of 1st period - Robert Nilsson wins face-off versus Anze Kopitar in Kings zone.
18:46 of 1st period - Derick Brassard is hit by Andrej Sekera and loses puck.
19:12 of 1st period - Penalty to Andreas Martinsen is over, Andreas Martinsen is back on ice.
19:14 of 1st period - Jared Cowen is hit by Paul Stastny and loses puck.
19:23 of 1st period - Tyler Myers is hit by Andreas Martinsen and loses puck.
19:30 of 1st period - Wrist shot by Garnet Hathaway.
19:30 of 1st period - Shot Blocked by Tomas Kundratek.
19:32 of 1st period - Slapshot by Andreas Martinsen.
19:32 of 1st period - Shot Misses the Net.
19:58 of 1st period - Jason Akeson is hit by Andreas Martinsen and loses puck.
Goals for this period are 1 for Canucks vs 2 for Kings.
Shots for this period are 7 for Canucks vs 11 for Kings.
2nd period
0:01 of 2nd period - Derick Brassard wins face-off versus Nathan MacKinnon in neutral zone.
0:50 of 2nd period - Icing by Robert Nilsson.
0:51 of 2nd period - Anze Kopitar wins face-off versus Robert Nilsson in Canucks zone.
1:04 of 2nd period - Snap shot by Robert Nilsson.
1:04 of 2nd period - Shot Misses the Net.
1:06 of 2nd period - Snap shot by Sam Gagner.
1:06 of 2nd period - Stopped by Cam Talbot without a rebound.
1:07 of 2nd period - Derick Brassard wins face-off versus Nathan MacKinnon in Kings zone.
1:13 of 2nd period - Minor Penalty to Nathan MacKinnon for Tripping.
1:14 of 2nd period - Anze Kopitar wins face-off versus Robert Nilsson in Kings zone.
1:27 of 2nd period - Off-side.
1:28 of 2nd period - Robert Nilsson wins face-off versus Anze Kopitar in neutral zone.
1:54 of 2nd period - Garnet Hathaway is hit by Jamie Benn and loses puck.
3:13 of 2nd period - Penalty to Nathan MacKinnon is over, Nathan MacKinnon is back on ice.
6:35 of 2nd period - Anze Kopitar is hit by Maxim Talbot and loses puck.
7:00 of 2nd period - Alex Goligoski is hit by Garnet Hathaway and loses puck.
7:20 of 2nd period - Fabian Brunnstrom is hit by Byron Bitz.
7:41 of 2nd period - Jason Akeson is hit by Nathan MacKinnon and loses puck.
8:05 of 2nd period - Sam Gagner is hit by Anze Kopitar and loses puck.
8:44 of 2nd period - Snap shot by Jason Akeson.
8:44 of 2nd period - Shot Misses the Net.
8:46 of 2nd period - Snap shot by Maxim Talbot.
8:46 of 2nd period - Deflect By Pavel Datsyuk.
8:46 of 2nd period - Goal by Maxim Talbot - Canucks : 2 - Kings : 2.
8:47 of 2nd period - Wayne Simmonds wins face-off versus Nathan MacKinnon in neutral zone.
9:00 of 2nd period - Will Butcher is hit by Wayne Simmonds and loses puck.
9:47 of 2nd period - Wrist shot by Paul Stastny.
9:47 of 2nd period - Deflect By Jason Akeson.
9:47 of 2nd period - Stopped by Cam Talbot without a rebound.
9:48 of 2nd period - Derick Brassard wins face-off versus Nathan MacKinnon in Kings zone.
9:58 of 2nd period - Minor Penalty to Nathan MacKinnon for Hooking.
9:59 of 2nd period - Anze Kopitar wins face-off versus Robert Nilsson in Kings zone.
10:04 of 2nd period - Off-side.
10:05 of 2nd period - Anze Kopitar wins face-off versus Robert Nilsson in neutral zone.
11:26 of 2nd period - Jamie Benn is hit by Garnet Hathaway.
11:58 of 2nd period - Penalty to Nathan MacKinnon is over, Nathan MacKinnon is back on ice.
12:41 of 2nd period - Slapshot by Maxim Talbot.
12:41 of 2nd period - Shot Misses the Net.
12:43 of 2nd period - Wrist shot by Maxim Talbot.
12:43 of 2nd period - Deflect By Paul Stastny.
12:43 of 2nd period - Shot Misses the Net.
12:43 of 2nd period - Puck is out of play.
12:44 of 2nd period - Nathan MacKinnon wins face-off versus Maxim Talbot in Kings zone.
13:11 of 2nd period - Marcus Johansson is hit by Jamie Benn and loses puck.
13:19 of 2nd period - Off-side.
13:20 of 2nd period - Robert Nilsson wins face-off versus Jake Guentzel in neutral zone.
13:51 of 2nd period - Slapshot by Patrick Kane.
13:51 of 2nd period - Shot Misses the Net.
13:53 of 2nd period - Snap shot by Seth Jones.
13:53 of 2nd period - Deflect By Patrick Kane.
13:53 of 2nd period - Stopped by Jonathan Quick with a rebound.
13:55 of 2nd period - Snap shot by Joe Thornton.
13:55 of 2nd period - Goal by Joe Thornton - Canucks : 2 - Kings : 3.
13:56 of 2nd period - Nathan MacKinnon wins face-off versus Derick Brassard in neutral zone.
14:01 of 2nd period - Slapshot by Patrick Kane.
14:01 of 2nd period - Stopped by Jonathan Quick with a rebound.
14:03 of 2nd period - Wrist shot by Nathan MacKinnon.
14:03 of 2nd period - Shot Misses the Net.
14:05 of 2nd period - Wrist shot by Brady Skjei.
14:05 of 2nd period - Shot Blocked by Jamie Benn.
14:07 of 2nd period - Wrist shot by Joe Thornton.
14:07 of 2nd period - Stopped by Jonathan Quick with a rebound.
14:09 of 2nd period - Slapshot by Jared Cowen.
14:09 of 2nd period - Shot Blocked by Drew Doughty.
14:36 of 2nd period - Slapshot by Nick Palmieri.
14:36 of 2nd period - Deflect By Sam Gagner.
14:36 of 2nd period - Shot Misses the Net.
14:36 of 2nd period - Puck is out of play.
14:37 of 2nd period - Nathan MacKinnon wins face-off versus Jason Akeson in Kings zone.
15:24 of 2nd period - Slapshot by Tomas Kundratek.
15:24 of 2nd period - Stopped by Cam Talbot without a rebound.
15:25 of 2nd period - Logan Couture wins face-off versus Cody Eakin in Kings zone.
16:08 of 2nd period - Minor Penalty to Joe Thornton for Hooking.
16:09 of 2nd period - Anze Kopitar wins face-off versus Robert Nilsson in Kings zone.
16:30 of 2nd period - Anze Kopitar is hit by Sam Gagner and loses puck.
18:08 of 2nd period - Penalty to Joe Thornton is over, Joe Thornton is back on ice.
18:11 of 2nd period - Icing by Jamie Benn.
18:12 of 2nd period - Nathan MacKinnon wins face-off versus Derick Brassard in Canucks zone.
18:13 of 2nd period - Snap shot by Patrick Kane.
18:13 of 2nd period - Stopped by Jonathan Quick with a rebound.
18:15 of 2nd period - Slapshot by Joe Thornton.
18:15 of 2nd period - Stopped by Jonathan Quick with a rebound.
18:47 of 2nd period - Snap shot by Garnet Hathaway.
18:47 of 2nd period - Shot Misses the Net.
19:09 of 2nd period - David Pastrnak is hit by Robert Nilsson.
19:31 of 2nd period - Michael Kostka is hit by Brady Skjei and loses puck.
19:55 of 2nd period - Icing by Andrej Sekera.
19:56 of 2nd period - Maxim Talbot wins face-off versus Logan Couture in Kings zone.
Goals for this period are 1 for Canucks vs 1 for Kings.
Shots for this period are 4 for Canucks vs 6 for Kings.
3rd period
0:01 of 3rd period - Robert Nilsson wins face-off versus Nathan MacKinnon in neutral zone.
0:14 of 3rd period - Slapshot by Alex Goligoski.
0:14 of 3rd period - Stopped by Cam Talbot with a rebound.
0:16 of 3rd period - Wrist shot by Robert Nilsson.
0:16 of 3rd period - Shot Misses the Net.
0:26 of 3rd period - Jamie Benn is hit by Jake Guentzel and loses puck.
0:57 of 3rd period - Wrist shot by Maxim Talbot.
0:57 of 3rd period - Shot Misses the Net.
1:18 of 3rd period - Slapshot by Drew Doughty.
1:18 of 3rd period - Shot Blocked by Byron Bitz.
1:35 of 3rd period - Wrist shot by Patrick Kane.
1:35 of 3rd period - Stopped by Jonathan Quick with a rebound.
2:18 of 3rd period - Garnet Hathaway is hit by Paul Stastny and loses puck.
3:20 of 3rd period - Wrist shot by Nathan MacKinnon.
3:20 of 3rd period - Stopped by Jonathan Quick with a rebound.
3:39 of 3rd period - David Pastrnak is hit by Paul Stastny and loses puck.
3:56 of 3rd period - Wrist shot by Logan Couture.
3:56 of 3rd period - Stopped by Jonathan Quick with a rebound.
3:58 of 3rd period - Snap shot by Marcus Johansson.
3:58 of 3rd period - Shot Misses the Net.
4:25 of 3rd period - Icing by Brady Skjei.
4:26 of 3rd period - Robert Nilsson wins face-off versus Nathan MacKinnon in Kings zone.
4:51 of 3rd period - Nathan MacKinnon is hit by Derick Brassard and loses puck.
4:58 of 3rd period - Jamie Benn is hit by Patrick Kane and loses puck.
5:13 of 3rd period - Jason Akeson is hit by Seth Jones and loses puck.
5:55 of 3rd period - Snap shot by Pavel Datsyuk.
5:55 of 3rd period - Deflect By Andreas Martinsen.
5:55 of 3rd period - Stopped by Jonathan Quick without a rebound.
5:56 of 3rd period - Pavel Datsyuk wins face-off versus Robert Nilsson in Canucks zone.
6:01 of 3rd period - Wrist shot by Byron Bitz.
6:01 of 3rd period - Stopped by Jonathan Quick with a rebound.
6:11 of 3rd period - Sam Gagner is hit by Andreas Martinsen and loses puck.
6:24 of 3rd period - Slapshot by Alex Goligoski.
6:24 of 3rd period - Shot Misses the Net.
6:26 of 3rd period - Wrist shot by Wayne Simmonds.
6:26 of 3rd period - Shot Misses the Net.
6:28 of 3rd period - Slapshot by Drew Doughty.
6:28 of 3rd period - Stopped by Cam Talbot with a rebound.
6:30 of 3rd period - Slapshot by Jamie Benn.
6:30 of 3rd period - Shot Blocked by Aaron Ekblad.
6:32 of 3rd period - Slapshot by Jamie Benn.
6:32 of 3rd period - Stopped by Cam Talbot with a rebound.
6:34 of 3rd period - Snap shot by Derick Brassard.
6:34 of 3rd period - Canucks goal is going for a video replay.
6:34 of 3rd period - The goal is refused. The net was displaced accidentally..
6:35 of 3rd period - Nathan MacKinnon wins face-off versus Nick Palmieri in Kings zone.
6:44 of 3rd period - Sam Gagner is hit by Nathan MacKinnon and loses puck.
7:22 of 3rd period - Snap shot by Patrick Kane.
7:22 of 3rd period - Stopped by Jonathan Quick without a rebound.
7:23 of 3rd period - Anze Kopitar wins face-off versus Robert Nilsson in Canucks zone.
8:33 of 3rd period - Minor Penalty to Peter Prucha for Goalie Interference.
8:34 of 3rd period - Robert Nilsson wins face-off versus Nathan MacKinnon in Canucks zone.
8:48 of 3rd period - Snap shot by Jake Guentzel.
8:48 of 3rd period - Shot Misses the Net.
9:07 of 3rd period - Snap shot by Brady Skjei.
9:07 of 3rd period - Shot Misses the Net.
9:09 of 3rd period - Snap shot by Marcus Johansson.
9:09 of 3rd period - Shot Misses the Net.
9:11 of 3rd period - Snap shot by Anze Kopitar.
9:11 of 3rd period - Goal by Anze Kopitar - Canucks : 2 - Kings : 4.
9:12 of 3rd period - Nathan MacKinnon wins face-off versus Robert Nilsson in neutral zone.
9:25 of 3rd period - Wrist shot by Nick Palmieri.
9:25 of 3rd period - Stopped by Cam Talbot without a rebound.
9:26 of 3rd period - Joe Thornton wins face-off versus Derick Brassard in Kings zone.
9:35 of 3rd period - Snap shot by Patrick Kane.
9:35 of 3rd period - Shot Blocked by Drew Doughty.
9:41 of 3rd period - Wrist shot by Alex Goligoski.
9:41 of 3rd period - Shot Misses the Net.
10:03 of 3rd period - Snap shot by Maxim Talbot.
10:03 of 3rd period - Stopped by Cam Talbot with a rebound.
10:05 of 3rd period - Wrist shot by Maxim Talbot.
10:05 of 3rd period - Shot Misses the Net.
11:02 of 3rd period - Jared Cowen is hit by Derick Brassard and loses puck.
12:03 of 3rd period - Snap shot by Nathan MacKinnon.
12:03 of 3rd period - Stopped by Jonathan Quick without a rebound.
12:04 of 3rd period - Derick Brassard wins face-off versus Nathan MacKinnon in Canucks zone.
12:04 of 3rd period - Derick Brassard is hit by Patrick Kane.
12:07 of 3rd period - Minor Penalty to Wayne Simmonds for Hooking.
12:08 of 3rd period - Robert Nilsson wins face-off versus Nathan MacKinnon in Canucks zone.
13:47 of 3rd period - Seth Jones is hit by Sam Gagner and loses puck.
14:07 of 3rd period - Penalty to Wayne Simmonds is over, Wayne Simmonds is back on ice.
14:18 of 3rd period - Snap shot by Jared Cowen.
14:18 of 3rd period - Shot Misses the Net.
15:36 of 3rd period - Anze Kopitar is hit by Sam Gagner and loses puck.
15:47 of 3rd period - Wayne Simmonds is hit by Nathan MacKinnon and loses puck.
15:58 of 3rd period - Sam Gagner is hit by Logan Couture.
16:06 of 3rd period - Michael Kostka is hit by Logan Couture and loses puck.
16:18 of 3rd period - Mike Lundin is hit by Byron Bitz.
16:41 of 3rd period - Wrist shot by Sam Gagner.
16:41 of 3rd period - Stopped by Cam Talbot with a rebound.
16:47 of 3rd period - Wrist shot by Nick Palmieri.
16:47 of 3rd period - Stopped by Cam Talbot with a rebound.
16:49 of 3rd period - Backhand shot by Robert Nilsson.
16:49 of 3rd period - Stopped by Cam Talbot with a rebound.
16:55 of 3rd period - Wrist shot by Nick Palmieri.
16:55 of 3rd period - Shot Misses the Net.
16:57 of 3rd period - Snap shot by Sam Gagner.
16:57 of 3rd period - Stopped by Cam Talbot with a rebound.
17:03 of 3rd period - Slapshot by Seth Jones.
17:03 of 3rd period - Stopped by Jonathan Quick with a rebound.
17:05 of 3rd period - Slapshot by Seth Jones.
17:05 of 3rd period - Shot Blocked by Tomas Kundratek.
17:07 of 3rd period - Snap shot by Logan Couture.
17:07 of 3rd period - Deflect By Andreas Martinsen.
17:07 of 3rd period - Stopped by Jonathan Quick with a rebound.
17:09 of 3rd period - Slapshot by Seth Jones.
17:09 of 3rd period - Stopped by Jonathan Quick with a rebound.
17:23 of 3rd period - Andreas Martinsen is hit by Nick Palmieri and loses puck.
17:30 of 3rd period - Wrist shot by Seth Jones.
17:30 of 3rd period - Stopped by Jonathan Quick without a rebound.
17:31 of 3rd period - Patrick Kane wins face-off versus Paul Stastny in Canucks zone.
18:06 of 3rd period - Wrist shot by David Pastrnak.
18:06 of 3rd period - Shot Blocked by Alex Goligoski.
18:08 of 3rd period - Snap shot by Jake Guentzel.
18:08 of 3rd period - Shot Blocked by Alex Goligoski.
18:40 of 3rd period - Snap shot by Alex Goligoski.
18:40 of 3rd period - Shot Misses the Net.
18:42 of 3rd period - Slapshot by Alex Goligoski.
18:42 of 3rd period - Stopped by Cam Talbot with a rebound.
18:44 of 3rd period - Snap shot by Alex Goligoski.
18:44 of 3rd period - Deflect By Paul Stastny.
18:44 of 3rd period - Stopped by Cam Talbot with a rebound.
18:46 of 3rd period - Slapshot by Drew Doughty.
18:46 of 3rd period - Stopped by Cam Talbot without a rebound.
18:47 of 3rd period - Nathan MacKinnon wins face-off versus Maxim Talbot in Kings zone.
19:12 of 3rd period - Fabian Brunnstrom is hit by Patrick Kane and loses puck.
Goals for this period are 0 for Canucks vs 1 for Kings.
Shots for this period are 13 for Canucks vs 12 for Kings.